Los Angeles Kings vs Hartford Whalers
Created - Tuesday, February 24, 2026 at 07:49
Goals
|
| Los Angeles Kings |
1 |
2 |
0 |
3 |
| Hartford Whalers |
0 |
3 |
2 |
5 |
|
Shots
|
| Los Angeles Kings |
11 |
10 |
5 |
26 |
| Hartford Whalers |
13 |
8 |
19 |
40 |
|
1st period
1. Los Angeles Kings , Logan Cooley 11 (Will Smith 2, Evander Kane 5) at 16:50
Penalties :
Spencer Knight (LAK) for Delaying the game (Minor) at 1:34 - Adam Fantilli served the penalty
2nd period
2. Hartford Whalers , Carter Verhaeghe 10 (Joshua Norris 20, Anthony Cirelli 12) at 1:40
3. Los Angeles Kings , Jansen Harkins 9 (Logan Cooley 13, Joseph Veleno 6) at 2:44 (PP)
4. Hartford Whalers , Dylan Guenther 13 (Nick Suzuki 26) at 7:19
5. Los Angeles Kings , MacKenzie Weegar 2 (Andrei Kuzmenko 13) at 13:05
6. Hartford Whalers , Joshua Norris 14 (Carter Verhaeghe 13) at 15:02
Penalties :
Jordan Kyrou (HFD) for Elbowing (Minor) at 1:47, Anthony Cirelli (HFD) for Tripping (Minor) at 4:39, Pierre-Luc Dubois (HFD) for High sticking (Minor) at 9:18, Vitali Kravtsov (LAK) for Tripping (Minor) at 15:32
3rd period
7. Hartford Whalers , Pierre-Luc Dubois 10 (Braden Schneider 11, Tyler Seguin 11) at 18:14
8. Hartford Whalers , Joshua Norris 15 (Braden Schneider 12) at 19:26 (Empty Net)
Penalties :
Andrei Svechnikov (LAK) for Hooking (Minor) at 4:19, Sidney Crosby (HFD) for Fighting (Major) at 11:18, Alexander Romanov (LAK) for Fighting (Major) at 11:18, Joseph Veleno (LAK) for Delaying the game (Minor) at 16:04
Goalie Stats
Spencer Knight (LAK), 35 saves from 39 shots - (0.897), L, 3-9-0, 59:33 minutes
Joseph Woll (HFD), 23 saves from 26 shots - (0.885), W, 14-10-2, 60:00 minutes
Players Stats for Los Angeles Kings
Player Name G A P +/- PIM S H SB GA TA FO MP PP MP PK MP
------------------------------------------------------------------------------------
Adam Fantilli 0 0 0 0 0 2 1 0 1 0 14/30 20:39 2:39 2:58
Alexander Romanov 0 0 0 -1 5 1 1 0 1 0 0/0 11:37 0:00 0:03
Andrei Kuzmenko 0 1 1 1 0 1 0 0 0 0 0/1 17:29 2:39 0:51
Andrei Svechnikov 0 0 0 1 2 4 1 3 1 0 0/0 19:14 2:39 2:37
Charlie McAvoy 0 0 0 -1 0 1 1 3 0 2 0/0 21:20 2:46 4:05
Cooper Marody 0 0 0 -2 0 0 0 1 0 1 0/0 6:55 0:00 0:09
Evander Kane 0 1 1 -1 0 1 0 1 0 1 2/10 12:26 0:00 0:00
Jackson Blake 0 0 0 0 0 2 1 1 1 0 0/0 11:50 0:00 0:00
Jakub Zboril 0 0 0 -1 0 0 0 0 0 0 0/0 13:16 0:00 0:00
Jansen Harkins 1 0 1 -1 0 4 2 0 0 1 8/13 19:20 2:16 3:49
Joseph Veleno 0 1 1 -3 2 0 2 0 0 0 4/10 12:33 2:16 1:59
K'Andre Miller 0 0 0 -1 0 1 2 2 0 0 0/0 26:50 2:09 3:51
Logan Cooley 1 1 2 -1 0 4 2 1 1 0 1/5 19:30 1:53 3:29
MacKenzie Weegar 1 0 1 -1 0 1 1 1 1 1 0/0 26:17 2:09 3:51
Mikey Eyssimont 0 0 0 -2 0 0 0 0 0 0 0/0 7:36 0:23 0:00
Ryan Suter 0 0 0 -1 0 4 0 1 0 0 0/0 20:42 2:46 4:05
Vitali Kravtsov 0 0 0 0 2 0 0 0 0 0 0/2 12:03 0:00 0:00
Will Smith 0 1 1 -1 0 0 1 0 0 0 0/1 12:26 0:00 0:00
Players Stats for Hartford Whalers
Player Name G A P +/- PIM S H SB GA TA FO MP PP MP PK MP
------------------------------------------------------------------------------------
Anthony Cirelli 0 1 1 3 2 2 0 2 0 1 0/0 15:49 0:00 1:10
Braden Schneider 0 2 2 4 0 3 2 2 0 2 0/0 21:59 4:44 2:44
Carter Verhaeghe 1 1 2 3 0 2 3 0 1 0 1/1 18:01 3:40 0:00
Devon Toews 0 0 0 3 0 1 0 2 0 0 0/0 19:07 4:44 0:00
Dylan Guenther 1 0 1 1 0 3 4 0 0 0 0/0 13:12 0:00 0:16
Jonathan Drouin 0 0 0 -1 0 2 0 0 0 0 0/0 7:45 0:00 0:00
Jordan Kyrou 0 0 0 -1 2 3 0 1 0 0 0/0 13:39 0:00 0:00
Joshua Norris 2 1 3 3 0 6 3 1 2 0 15/23 16:55 0:00 2:15
Kaiden Guhle 0 0 0 -1 0 3 0 1 0 0 0/0 12:44 0:00 0:00
Matthew Coronato 0 0 0 -1 0 1 0 0 0 0 0/0 7:45 0:00 0:00
Nick Suzuki 0 1 1 1 0 2 1 1 0 0 4/10 16:32 3:40 2:13
Pierre-Luc Dubois 1 0 1 0 2 5 3 0 2 0 1/2 19:08 4:16 0:47
Seth Jones 0 0 0 0 0 2 0 2 0 1 0/0 25:17 3:12 2:11
Sidney Crosby 0 0 0 -1 5 0 2 0 0 0 12/21 18:05 3:40 2:24
Simon Edvinsson 0 0 0 -1 0 0 1 1 0 1 0/0 15:28 0:00 2:44
Tyler Seguin 0 1 1 0 0 1 1 0 0 0 9/14 12:51 4:16 0:45
Tyson Foerster 0 0 0 2 0 3 2 0 0 1 1/1 15:19 4:16 0:00
Vladislav Gavrikov 0 0 0 1 0 1 3 0 1 0 0/0 25:25 3:12 2:11
3 Stars
1 - Joshua Norris (HFD)
2 - Carter Verhaeghe (HFD)
3 - Braden Schneider (HFD)
Power Play
Los Angeles Kings - 1 on 3 Attempt(s) - 33.33%
Hartford Whalers - 0 on 4 Attempt(s) - 0.00%
Penalty Kill
Los Angeles Kings - 4 on 4 Attempt(s) - 100.00%
- Score 0 goal in Penalty Kill
Hartford Whalers - 2 on 3 Attempt(s) - 66.67%
- Score 0 goal in Penalty Kill
Team Stat
Los Angeles Kings - Hits : 15 - Faceoff Wins : 29 - Blocked Shots : 14 - Penalty Minutes : 13
Hartford Whalers - Hits : 25 - Faceoff Wins : 43 - Blocked Shots : 13 - Penalty Minutes : 11
Official
Referees : Michael Markovic and Furman South
Linesman : Kiel Murchison and Justin Johnson
Game Notes
Sidney Crosby beats up Alexander Romanov at 11:18 of 3rd period
Joshua Norris has scored in a empty net!
Finance
Level 1 -- Attendance: 5937 (98.95%) -- Ticket Income $564,015
Level 2 -- Attendance: 4933 (98.66%) -- Ticket Income $271,315
Level 3 -- Attendance: 2013 (67.10%) -- Ticket Income $80,520
Level 4 -- Attendance: 3365 (67.30%) -- Ticket Income $84,125
Luxury Box -- Attendance: 766 (76.60%) -- Ticket Income $153,200
Game was played at the Hartford Civic Center.
Total Attendance: 17014 (85.07%)
Total Ticket Income: $1,153,175
Other Income: $403,611
Total Income: $1,556,786
Los Angeles Kings
5 vs 5 Forward
Center Left Wing Right Wing Time % Phy DF OF
1 Evander Kane Will Smith Logan Cooley 30 1 2 2
2 Adam Fantilli Andrei Svechnikov Andrei Kuzmenko 30 1 2 2
3 Jansen Harkins Vitali Kravtsov Jackson Blake 25 1 2 2
4 Joseph Veleno Mikey Eyssimont Cooper Marody 15 1 2 2
5 vs 5 Defense
Defense Defense Time % Phy DF OF
1 MacKenzie Weegar K'Andre Miller 30 1 2 2
2 Charlie McAvoy Ryan Suter 30 1 2 2
3 Alexander Romanov Jakub Zboril 25 1 2 2
4 MacKenzie Weegar K'Andre Miller 15 1 2 2
PowerPlay Forward
Center Left Wing Right Wing Time % Phy DF OF
1 Joseph Veleno Jansen Harkins Logan Cooley 50 1 2 2
2 Adam Fantilli Andrei Svechnikov Andrei Kuzmenko 50 1 2 2
PowerPlay Defense
Defense Defense Time % Phy DF OF
1 MacKenzie Weegar K'Andre Miller 50 1 2 2
2 Charlie McAvoy Ryan Suter 50 1 2 2
Penalty Kill 4 Players Forward
Center Wing Time % Phy DF OF
1 Adam Fantilli Jansen Harkins 50 1 2 2
2 Logan Cooley Andrei Svechnikov 50 1 2 2
Penalty Kill 4 Players Defense
Defense Defense Time % Phy DF OF
1 MacKenzie Weegar K'Andre Miller 50 1 2 2
2 Charlie McAvoy Ryan Suter 50 1 2 2
Penalty Kill - 3 Players Forward
Forward Time % Phy DF OF
1 Logan Cooley 50 1 2 2
2 Andrei Svechnikov 50 1 2 2
Penalty Kill - 3 Players Defense
Defense Defense Time % Phy DF OF
1 MacKenzie Weegar K'Andre Miller 50 1 2 2
2 Charlie McAvoy Ryan Suter 50 1 2 2
4 vs 4 Forward
Center Wing Time % Phy DF OF
1 Jansen Harkins Adam Fantilli 50 1 2 2
2 Logan Cooley Andrei Svechnikov 50 1 2 2
4 vs 4 Defense
Defense Defense Time % Phy DF OF
1 MacKenzie Weegar K'Andre Miller 50 1 2 2
2 Charlie McAvoy Ryan Suter 50 1 2 2
Last Minutes Offensive
Center Left Wing Right Wing Defense Defense
Evander Kane Will Smith Logan Cooley MacKenzie Weegar K'Andre Miller
Last Minutes Defensive
Center Left Wing Right Wing Defense Defense
Evander Kane Will Smith Logan Cooley MacKenzie Weegar K'Andre Miller
Goaltenders
Starting : Spencer Knight
Backup : Carl Lindbom
Extra Forwards
Normal : Mikey Eyssimont, Jansen Harkins, Joseph Veleno - PP : Mikey Eyssimont, Jansen Harkins - PK : Joseph Veleno
Extra Defensemen
Normal : Alexander Romanov, Jakub Zboril, Charlie McAvoy - PP : Alexander Romanov - PK : Jakub Zboril, Charlie McAvoy
Penalty Shots
Joseph Veleno, Jansen Harkins, Logan Cooley, Andrei Svechnikov, Adam Fantilli
Scratches
Seth Jarvis (Healthy), Drew Helleson (Healthy), Victor Ostman (Healthy)
Hartford Whalers
5 vs 5 Forward
Center Left Wing Right Wing Time % Phy DF OF
1 Joshua Norris Carter Verhaeghe Anthony Cirelli 30 1 3 1
2 Sidney Crosby Pierre-Luc Dubois Jordan Kyrou 30 0 2 3
3 Nick Suzuki Dylan Guenther Tyson Foerster 25 0 2 3
4 Tyler Seguin Jonathan Drouin Matthew Coronato 15 1 3 1
5 vs 5 Defense
Defense Defense Time % Phy DF OF
1 Seth Jones Vladislav Gavrikov 30 2 2 1
2 Devon Toews Braden Schneider 30 2 2 1
3 Simon Edvinsson Kaiden Guhle 25 2 2 1
4 Seth Jones Vladislav Gavrikov 15 2 2 1
PowerPlay Forward
Center Left Wing Right Wing Time % Phy DF OF
1 Sidney Crosby Carter Verhaeghe Nick Suzuki 50 1 1 3
2 Tyler Seguin Pierre-Luc Dubois Tyson Foerster 50 2 1 2
PowerPlay Defense
Defense Defense Time % Phy DF OF
1 Seth Jones Vladislav Gavrikov 50 1 2 2
2 Devon Toews Braden Schneider 50 1 2 2
Penalty Kill 4 Players Forward
Center Wing Time % Phy DF OF
1 Nick Suzuki Sidney Crosby 50 1 3 1
2 Joshua Norris Anthony Cirelli 50 2 2 1
Penalty Kill 4 Players Defense
Defense Defense Time % Phy DF OF
1 Seth Jones Vladislav Gavrikov 50 3 2 0
2 Simon Edvinsson Braden Schneider 50 3 2 0
Penalty Kill - 3 Players Forward
Forward Time % Phy DF OF
1 Joshua Norris 50 2 3 0
2 Anthony Cirelli 50 1 4 0
Penalty Kill - 3 Players Defense
Defense Defense Time % Phy DF OF
1 Seth Jones Vladislav Gavrikov 50 3 2 0
2 Devon Toews Braden Schneider 50 3 2 0
4 vs 4 Forward
Center Wing Time % Phy DF OF
1 Sidney Crosby Nick Suzuki 50 1 1 3
2 Joshua Norris Carter Verhaeghe 50 2 2 1
4 vs 4 Defense
Defense Defense Time % Phy DF OF
1 Seth Jones Vladislav Gavrikov 50 2 2 1
2 Devon Toews Braden Schneider 50 2 2 1
Last Minutes Offensive
Center Left Wing Right Wing Defense Defense
Sidney Crosby Dylan Guenther Nick Suzuki Devon Toews Seth Jones
Last Minutes Defensive
Center Left Wing Right Wing Defense Defense
Joshua Norris Carter Verhaeghe Anthony Cirelli Vladislav Gavrikov Braden Schneider
Goaltenders
Starting : Joseph Woll
Backup : Samuel Montembeault
Extra Forwards
Normal : Dylan Guenther, Carter Verhaeghe, Tyler Seguin - PP : Dylan Guenther, Carter Verhaeghe - PK : Tyler Seguin
Extra Defensemen
Normal : Simon Edvinsson, Kaiden Guhle, Devon Toews - PP : Simon Edvinsson - PK : Kaiden Guhle, Devon Toews
Penalty Shots
Tyler Seguin, Pierre-Luc Dubois, Sidney Crosby, Nick Suzuki, Joshua Norris
Scratches
Shakir Mukhamadullin (Healthy), Calle Odelius (Healthy)
% Time on Ice - Los Angeles Kings
Lines # - Real PCT - Wanted PCT - Time Play
Normal Forward
1 - 30% - 30% - 13:59
2 - 30% - 30% - 13:59
3 - 25% - 25% - 11:50
4 - 15% - 15% - 6:46
Normal Defense
1 - 30% - 30% - 14:08
2 - 30% - 30% - 13:51
3 - 28% - 25% - 13:16
4 - 11% - 15% - 5:19
PP Forward
1 - 46% - 50% - 2:16
2 - 54% - 50% - 2:39
PP Defense
1 - 44% - 50% - 2:09
2 - 56% - 50% - 2:46
PK Forward
1 - 51% - 50% - 4:02
2 - 49% - 50% - 3:54
PK Defense
1 - 49% - 50% - 3:51
2 - 51% - 50% - 4:05
PK3 Forward
1 - 0% - 50%
2 - 0% - 50%
PK3 Defense
1 - 0% - 50%
2 - 0% - 50%
44 Forward
1 - 0% - 50%
2 - 0% - 50%
44 Defense
1 - 0% - 50%
2 - 0% - 50%
Last Minute Offensive - 0:35
Last Minute Defensive - 0:00
Total
Forward - 60:00
Defense - 60:00
|
% Time on Ice - Hartford Whalers
Lines # - Real PCT - Wanted PCT - Time Play
Normal Forward
1 - 30% - 30% - 13:49
2 - 31% - 30% - 14:22
3 - 23% - 25% - 10:38
4 - 17% - 15% - 7:45
Normal Defense
1 - 31% - 30% - 14:18
2 - 31% - 30% - 14:23
3 - 26% - 25% - 12:17
4 - 12% - 15% - 5:36
PP Forward
1 - 46% - 50% - 3:40
2 - 54% - 50% - 4:16
PP Defense
1 - 40% - 50% - 3:12
2 - 60% - 50% - 4:44
PK Forward
1 - 49% - 50% - 2:24
2 - 51% - 50% - 2:31
PK Defense
1 - 44% - 50% - 2:11
2 - 56% - 50% - 2:44
PK3 Forward
1 - 0% - 50%
2 - 0% - 50%
PK3 Defense
1 - 0% - 50%
2 - 0% - 50%
44 Forward
1 - 0% - 50%
2 - 0% - 50%
44 Defense
1 - 0% - 50%
2 - 0% - 50%
Last Minute Offensive - 0:00
Last Minute Defensive - 0:35
Total
Forward - 60:00
Defense - 60:00
|
Play-by-Play
1st period
0:01 of 1st period - Joshua Norris wins face-off versus Evander Kane in neutral zone.
0:06 of 1st period - Wrist shot by Logan Cooley.
0:06 of 1st period - Stopped by Joseph Woll with a rebound.
0:26 of 1st period - Seth Jones is hit by MacKenzie Weegar.
0:46 of 1st period - Slapshot by Nick Suzuki.
0:46 of 1st period - Shot Misses the Net.
0:48 of 1st period - Slapshot by Dylan Guenther.
0:48 of 1st period - Shot Misses the Net.
0:50 of 1st period - Slapshot by Tyson Foerster.
0:50 of 1st period - Stopped by Spencer Knight without a rebound.
0:51 of 1st period - Tyler Seguin wins face-off versus Jansen Harkins in Los Angeles Kings zone.
1:02 of 1st period - Wrist shot by Matthew Coronato.
1:02 of 1st period - Deflect By Jonathan Drouin.
1:02 of 1st period - Shot Misses the Net.
1:02 of 1st period - Puck is out of play.
1:03 of 1st period - Nick Suzuki wins face-off versus Joseph Veleno in Los Angeles Kings zone.
1:06 of 1st period - Wrist shot by Nick Suzuki.
1:06 of 1st period - Stopped by Spencer Knight with a rebound.
1:32 of 1st period - Snap shot by Joshua Norris.
1:32 of 1st period - Shot Blocked by Andrei Svechnikov.
1:34 of 1st period - Slapshot by Kaiden Guhle.
1:34 of 1st period - Stopped by Spencer Knight without a rebound.
1:34 of 1st period - Minor Penalty to Spencer Knight for Delaying the game.
1:35 of 1st period - Sidney Crosby wins face-off versus Joseph Veleno in Los Angeles Kings zone.
2:24 of 1st period - Snap shot by Andrei Svechnikov.
2:24 of 1st period - Shot Blocked by Devon Toews.
3:11 of 1st period - Tyler Seguin is hit by Joseph Veleno and loses puck.
3:34 of 1st period - Penalty to Adam Fantilli is over, Adam Fantilli is back on ice.
3:40 of 1st period - Logan Cooley is hit by Braden Schneider.
3:50 of 1st period - Snap shot by Joshua Norris.
3:50 of 1st period - Stopped by Spencer Knight with a rebound.
4:31 of 1st period - Simon Edvinsson is hit by Alexander Romanov and loses puck.
4:42 of 1st period - Adam Fantilli is hit by Carter Verhaeghe and loses puck.
5:02 of 1st period - Off-side.
5:03 of 1st period - Joshua Norris wins face-off versus Evander Kane in neutral zone.
5:12 of 1st period - Slapshot by Joshua Norris.
5:12 of 1st period - Stopped by Spencer Knight without a rebound.
5:13 of 1st period - Sidney Crosby wins face-off versus Jansen Harkins in Los Angeles Kings zone.
6:44 of 1st period - Snap shot by Jansen Harkins.
6:44 of 1st period - Stopped by Joseph Woll with a rebound.
6:46 of 1st period - Wrist shot by Alexander Romanov.
6:46 of 1st period - Shot Blocked by Joshua Norris.
6:48 of 1st period - Slapshot by Alexander Romanov.
6:48 of 1st period - Shot Blocked by Braden Schneider.
6:50 of 1st period - Slapshot by Alexander Romanov.
6:50 of 1st period - Stopped by Joseph Woll without a rebound.
6:51 of 1st period - Adam Fantilli wins face-off versus Sidney Crosby in Hartford Whalers zone.
6:54 of 1st period - Snap shot by Adam Fantilli.
6:54 of 1st period - Deflect By Sidney Crosby.
6:54 of 1st period - Stopped by Joseph Woll with a rebound.
7:06 of 1st period - Wrist shot by Andrei Svechnikov.
7:06 of 1st period - Shot Misses the Net.
7:16 of 1st period - Jordan Kyrou is hit by Jansen Harkins and loses puck.
7:23 of 1st period - Snap shot by Jackson Blake.
7:23 of 1st period - Shot Blocked by Kaiden Guhle.
7:34 of 1st period - Icing by K'Andre Miller.
7:35 of 1st period - Joseph Veleno wins face-off versus Nick Suzuki in Los Angeles Kings zone.
8:37 of 1st period - Backhand shot by Andrei Svechnikov.
8:37 of 1st period - Stopped by Joseph Woll with a rebound.
8:39 of 1st period - Snap shot by Ryan Suter.
8:39 of 1st period - Deflect By Devon Toews.
8:39 of 1st period - Stopped by Joseph Woll with a rebound.
8:59 of 1st period - Snap shot by Adam Fantilli.
8:59 of 1st period - Shot Misses the Net.
9:01 of 1st period - Slapshot by Ryan Suter.
9:01 of 1st period - Stopped by Joseph Woll with a rebound.
9:03 of 1st period - Wrist shot by Ryan Suter.
9:03 of 1st period - Shot Misses the Net.
9:05 of 1st period - Snap shot by Charlie McAvoy.
9:05 of 1st period - Stopped by Joseph Woll without a rebound.
9:06 of 1st period - Sidney Crosby wins face-off versus Evander Kane in Hartford Whalers zone.
9:31 of 1st period - K'Andre Miller is hit by Nick Suzuki and loses puck.
9:48 of 1st period - Off-side.
9:49 of 1st period - Joshua Norris wins face-off versus Joseph Veleno in neutral zone.
9:58 of 1st period - MacKenzie Weegar is hit by Joshua Norris and loses puck.
10:15 of 1st period - Devon Toews is hit by Logan Cooley.
10:47 of 1st period - Snap shot by Jordan Kyrou.
10:47 of 1st period - Stopped by Spencer Knight with a rebound.
10:56 of 1st period - Icing by Jackson Blake.
10:57 of 1st period - Jansen Harkins wins face-off versus Tyler Seguin in Los Angeles Kings zone.
10:57 of 1st period - Jansen Harkins is hit by Vladislav Gavrikov.
12:27 of 1st period - Snap shot by Logan Cooley.
12:27 of 1st period - Shot Hit the Post.
12:29 of 1st period - Slapshot by Ryan Suter.
12:29 of 1st period - Shot Misses the Net.
12:31 of 1st period - Slapshot by Ryan Suter.
12:31 of 1st period - Deflect By Logan Cooley.
12:31 of 1st period - Shot Blocked by Seth Jones.
12:31 of 1st period - Puck is out of play.
12:32 of 1st period - Jansen Harkins wins face-off versus Joshua Norris in Hartford Whalers zone.
13:09 of 1st period - Slapshot by Evander Kane.
13:09 of 1st period - Stopped by Joseph Woll with a rebound.
13:29 of 1st period - Slapshot by Jordan Kyrou.
13:29 of 1st period - Stopped by Spencer Knight with a rebound.
13:31 of 1st period - Wrist shot by Jordan Kyrou.
13:31 of 1st period - Stopped by Spencer Knight with a rebound.
15:04 of 1st period - Snap shot by Jonathan Drouin.
15:04 of 1st period - Stopped by Spencer Knight with a rebound.
15:06 of 1st period - Snap shot by Tyler Seguin.
15:06 of 1st period - Shot Blocked by Cooper Marody.
15:08 of 1st period - Backhand shot by Kaiden Guhle.
15:08 of 1st period - Stopped by Spencer Knight without a rebound.
15:09 of 1st period - Joshua Norris wins face-off versus Evander Kane in Los Angeles Kings zone.
15:42 of 1st period - Snap shot by Nick Suzuki.
15:42 of 1st period - Shot Blocked by Andrei Svechnikov.
16:24 of 1st period - Snap shot by Anthony Cirelli.
16:24 of 1st period - Stopped by Spencer Knight with a rebound.
16:50 of 1st period - Wrist shot by Logan Cooley.
16:50 of 1st period - Goal by Logan Cooley - Los Angeles Kings : 1 - Hartford Whalers : 0.
16:51 of 1st period - Evander Kane wins face-off versus Nick Suzuki in neutral zone.
17:03 of 1st period - Icing by Nick Suzuki.
17:04 of 1st period - Adam Fantilli wins face-off versus Nick Suzuki in Hartford Whalers zone.
17:34 of 1st period - Snap shot by Nick Suzuki.
17:34 of 1st period - Deflect By Dylan Guenther.
17:34 of 1st period - Stopped by Spencer Knight without a rebound.
17:35 of 1st period - Joshua Norris wins face-off versus Evander Kane in Los Angeles Kings zone.
18:30 of 1st period - Snap shot by Logan Cooley.
18:30 of 1st period - Shot Blocked by Anthony Cirelli.
18:38 of 1st period - Wrist shot by Joshua Norris.
18:38 of 1st period - Shot Blocked by K'Andre Miller.
18:40 of 1st period - Snap shot by Braden Schneider.
18:40 of 1st period - Shot Blocked by K'Andre Miller.
18:42 of 1st period - Slapshot by Braden Schneider.
18:42 of 1st period - Deflect By Logan Cooley.
18:42 of 1st period - Stopped by Spencer Knight with a rebound.
18:44 of 1st period - Slapshot by Braden Schneider.
18:44 of 1st period - Deflect By Joshua Norris.
18:44 of 1st period - Shot Misses the Net.
18:44 of 1st period - Puck is out of play.
18:45 of 1st period - Jansen Harkins wins face-off versus Sidney Crosby in Los Angeles Kings zone.
18:45 of 1st period - Jansen Harkins is hit by Vladislav Gavrikov.
19:03 of 1st period - Jansen Harkins is hit by Pierre-Luc Dubois and loses puck.
19:24 of 1st period - Charlie McAvoy is hit by Simon Edvinsson and loses puck.
19:43 of 1st period - Snap shot by Jackson Blake.
19:43 of 1st period - Stopped by Joseph Woll without a rebound.
19:44 of 1st period - Sidney Crosby wins face-off versus Adam Fantilli in Hartford Whalers zone.
Goals for this period are 1 for Los Angeles Kings vs 0 for Hartford Whalers.
Shots for this period are 11 for Los Angeles Kings vs 13 for Hartford Whalers.
2nd period
0:01 of 2nd period - Pierre-Luc Dubois wins face-off versus Adam Fantilli in neutral zone.
0:06 of 2nd period - Snap shot by Jordan Kyrou.
0:06 of 2nd period - Shot Misses the Net.
0:41 of 2nd period - Off-side.
0:42 of 2nd period - Jansen Harkins wins face-off versus Sidney Crosby in neutral zone.
0:45 of 2nd period - Sidney Crosby is hit by Jackson Blake and loses puck.
1:33 of 2nd period - Alexander Romanov is hit by Joshua Norris and loses puck.
1:40 of 2nd period - Wrist shot by Joshua Norris.
1:40 of 2nd period - Deflect By Carter Verhaeghe.
1:40 of 2nd period - Goal by Carter Verhaeghe - Los Angeles Kings : 1 - Hartford Whalers : 1.
1:41 of 2nd period - Adam Fantilli wins face-off versus Sidney Crosby in neutral zone.
1:47 of 2nd period - Minor Penalty to Jordan Kyrou for Elbowing.
1:48 of 2nd period - Nick Suzuki wins face-off versus Joseph Veleno in Hartford Whalers zone.
1:55 of 2nd period - Off-side.
1:56 of 2nd period - Joseph Veleno wins face-off versus Joshua Norris in neutral zone.
2:05 of 2nd period - Snap shot by Logan Cooley.
2:05 of 2nd period - Shot Blocked by Anthony Cirelli.
2:07 of 2nd period - Wrist shot by Logan Cooley.
2:07 of 2nd period - Stopped by Joseph Woll without a rebound.
2:08 of 2nd period - Adam Fantilli wins face-off versus Nick Suzuki in Hartford Whalers zone.
2:09 of 2nd period - Snap shot by Andrei Svechnikov.
2:09 of 2nd period - Stopped by Joseph Woll with a rebound.
2:11 of 2nd period - Slapshot by Ryan Suter.
2:11 of 2nd period - Shot Misses the Net.
2:44 of 2nd period - Snap shot by Jansen Harkins.
2:44 of 2nd period - Goal by Jansen Harkins - Los Angeles Kings : 2 - Hartford Whalers : 1.
2:45 of 2nd period - Sidney Crosby wins face-off versus Adam Fantilli in neutral zone.
2:52 of 2nd period - Andrei Svechnikov is hit by Sidney Crosby and loses puck.
3:28 of 2nd period - Braden Schneider is hit by K'Andre Miller and loses puck.
3:37 of 2nd period - Logan Cooley is hit by Dylan Guenther and loses puck.
3:52 of 2nd period - Braden Schneider is hit by Charlie McAvoy and loses puck.
4:28 of 2nd period - Snap shot by Dylan Guenther.
4:28 of 2nd period - Shot Misses the Net.
4:30 of 2nd period - Slapshot by Devon Toews.
4:30 of 2nd period - Stopped by Spencer Knight without a rebound.
4:31 of 2nd period - Joshua Norris wins face-off versus Adam Fantilli in Los Angeles Kings zone.
4:39 of 2nd period - Minor Penalty to Anthony Cirelli for Tripping.
4:40 of 2nd period - Adam Fantilli wins face-off versus Tyler Seguin in Hartford Whalers zone.
4:50 of 2nd period - Wrist shot by Adam Fantilli.
4:50 of 2nd period - Stopped by Joseph Woll with a rebound.
6:39 of 2nd period - Penalty to Anthony Cirelli is over, Anthony Cirelli is back on ice.
6:50 of 2nd period - Off-side.
6:51 of 2nd period - Tyler Seguin wins face-off versus Adam Fantilli in neutral zone.
7:19 of 2nd period - Wrist shot by Dylan Guenther.
7:19 of 2nd period - Goal by Dylan Guenther - Los Angeles Kings : 2 - Hartford Whalers : 2.
7:20 of 2nd period - Adam Fantilli wins face-off versus Joshua Norris in neutral zone.
7:46 of 2nd period - Sidney Crosby is hit by K'Andre Miller.
8:37 of 2nd period - Snap shot by Logan Cooley.
8:37 of 2nd period - Stopped by Joseph Woll without a rebound.
8:38 of 2nd period - Adam Fantilli wins face-off versus Joshua Norris in Hartford Whalers zone.
9:18 of 2nd period - Minor Penalty to Pierre-Luc Dubois for High sticking.
9:19 of 2nd period - Nick Suzuki wins face-off versus Adam Fantilli in Hartford Whalers zone.
9:32 of 2nd period - Nick Suzuki is hit by Adam Fantilli and loses puck.
9:52 of 2nd period - Off-side.
9:53 of 2nd period - Joseph Veleno wins face-off versus Joshua Norris in neutral zone.
10:23 of 2nd period - Off-side.
10:24 of 2nd period - Adam Fantilli wins face-off versus Nick Suzuki in neutral zone.
10:49 of 2nd period - Wrist shot by Adam Fantilli.
10:49 of 2nd period - Shot Blocked by Nick Suzuki.
10:51 of 2nd period - Slapshot by MacKenzie Weegar.
10:51 of 2nd period - Shot Misses the Net.
10:53 of 2nd period - Backhand shot by MacKenzie Weegar.
10:53 of 2nd period - Shot Misses the Net.
11:07 of 2nd period - Wrist shot by Andrei Svechnikov.
11:07 of 2nd period - Shot Misses the Net.
11:09 of 2nd period - Snap shot by K'Andre Miller.
11:09 of 2nd period - Shot Misses the Net.
11:11 of 2nd period - Slapshot by Ryan Suter.
11:11 of 2nd period - Stopped by Joseph Woll with a rebound.
11:13 of 2nd period - Backhand shot by Ryan Suter.
11:13 of 2nd period - Stopped by Joseph Woll without a rebound.
11:14 of 2nd period - Joshua Norris wins face-off versus Logan Cooley in Hartford Whalers zone.
11:18 of 2nd period - Penalty to Pierre-Luc Dubois is over, Pierre-Luc Dubois is back on ice.
11:22 of 2nd period - Off-side.
11:23 of 2nd period - Jansen Harkins wins face-off versus Joshua Norris in neutral zone.
12:33 of 2nd period - Wrist shot by Logan Cooley.
12:33 of 2nd period - Shot Misses the Net.
12:35 of 2nd period - Wrist shot by Logan Cooley.
12:35 of 2nd period - Shot Misses the Net.
12:37 of 2nd period - Snap shot by Jansen Harkins.
12:37 of 2nd period - Deflect By Joseph Veleno.
12:37 of 2nd period - Shot Misses the Net.
12:37 of 2nd period - Puck is out of play.
12:38 of 2nd period - Sidney Crosby wins face-off versus Andrei Kuzmenko in Hartford Whalers zone.
12:44 of 2nd period - Icing by K'Andre Miller.
12:45 of 2nd period - Adam Fantilli wins face-off versus Sidney Crosby in Los Angeles Kings zone.
12:51 of 2nd period - Off-side.
12:52 of 2nd period - Sidney Crosby wins face-off versus Adam Fantilli in neutral zone.
13:05 of 2nd period - Snap shot by MacKenzie Weegar.
13:05 of 2nd period - Goal by MacKenzie Weegar - Los Angeles Kings : 3 - Hartford Whalers : 2.
13:06 of 2nd period - Sidney Crosby wins face-off versus Adam Fantilli in neutral zone.
13:19 of 2nd period - Slapshot by Andrei Svechnikov.
13:19 of 2nd period - Stopped by Joseph Woll with a rebound.
13:21 of 2nd period - Slapshot by K'Andre Miller.
13:21 of 2nd period - Stopped by Joseph Woll without a rebound.
13:22 of 2nd period - Joshua Norris wins face-off versus Jansen Harkins in Hartford Whalers zone.
13:54 of 2nd period - Ryan Suter is hit by Tyson Foerster and loses puck.
14:25 of 2nd period - Snap shot by Dylan Guenther.
14:25 of 2nd period - Shot Blocked by Jackson Blake.
14:27 of 2nd period - Slapshot by Seth Jones.
14:27 of 2nd period - Stopped by Spencer Knight with a rebound.
14:29 of 2nd period - Backhand shot by Tyson Foerster.
14:29 of 2nd period - Stopped by Spencer Knight without a rebound.
14:30 of 2nd period - Adam Fantilli wins face-off versus Pierre-Luc Dubois in Los Angeles Kings zone.
14:57 of 2nd period - Joseph Veleno is hit by Carter Verhaeghe and loses puck.
15:02 of 2nd period - Wrist shot by Joshua Norris.
15:02 of 2nd period - Goal by Joshua Norris - Los Angeles Kings : 3 - Hartford Whalers : 3.
15:03 of 2nd period - Adam Fantilli wins face-off versus Sidney Crosby in neutral zone.
15:29 of 2nd period - Snap shot by Nick Suzuki.
15:29 of 2nd period - Deflect By Charlie McAvoy.
15:29 of 2nd period - Shot Blocked by Andrei Svechnikov.
15:29 of 2nd period - Puck is out of play.
15:30 of 2nd period - Jansen Harkins wins face-off versus Nick Suzuki in Los Angeles Kings zone.
15:32 of 2nd period - Minor Penalty to Vitali Kravtsov for Tripping.
15:33 of 2nd period - Tyler Seguin wins face-off versus Logan Cooley in Los Angeles Kings zone.
15:59 of 2nd period - Icing by Devon Toews.
16:00 of 2nd period - Sidney Crosby wins face-off versus Logan Cooley in Hartford Whalers zone.
16:39 of 2nd period - Wrist shot by Nick Suzuki.
16:39 of 2nd period - Shot Blocked by MacKenzie Weegar.
16:41 of 2nd period - Slapshot by Devon Toews.
16:41 of 2nd period - Shot Misses the Net.
17:19 of 2nd period - Snap shot by Pierre-Luc Dubois.
17:19 of 2nd period - Stopped by Spencer Knight without a rebound.
17:20 of 2nd period - Tyler Seguin wins face-off versus Adam Fantilli in Los Angeles Kings zone.
17:32 of 2nd period - Penalty to Vitali Kravtsov is over, Vitali Kravtsov is back on ice.
17:33 of 2nd period - Snap shot by Pierre-Luc Dubois.
17:33 of 2nd period - Shot Misses the Net.
17:41 of 2nd period - Snap shot by Tyler Seguin.
17:41 of 2nd period - Shot Blocked by Charlie McAvoy.
17:43 of 2nd period - Wrist shot by Pierre-Luc Dubois.
17:43 of 2nd period - Shot Misses the Net.
17:45 of 2nd period - Wrist shot by Tyler Seguin.
17:45 of 2nd period - Deflect By Tyson Foerster.
17:45 of 2nd period - Stopped by Spencer Knight without a rebound.
17:46 of 2nd period - Joseph Veleno wins face-off versus Tyler Seguin in Los Angeles Kings zone.
18:49 of 2nd period - Slapshot by Nick Suzuki.
18:49 of 2nd period - Shot Hit the Post.
18:51 of 2nd period - Snap shot by Tyson Foerster.
18:51 of 2nd period - Shot Misses the Net.
19:03 of 2nd period - Devon Toews is hit by Will Smith.
19:25 of 2nd period - Andrei Svechnikov is hit by Joshua Norris and loses puck.
19:54 of 2nd period - Off-side.
19:55 of 2nd period - Nick Suzuki wins face-off versus Jansen Harkins in neutral zone.
Goals for this period are 2 for Los Angeles Kings vs 3 for Hartford Whalers.
Shots for this period are 10 for Los Angeles Kings vs 8 for Hartford Whalers.
3rd period
0:01 of 3rd period - Adam Fantilli wins face-off versus Joshua Norris in neutral zone.
0:05 of 3rd period - Off-side.
0:06 of 3rd period - Joshua Norris wins face-off versus Adam Fantilli in neutral zone.
0:11 of 3rd period - Wrist shot by Carter Verhaeghe.
0:11 of 3rd period - Stopped by Spencer Knight with a rebound.
1:17 of 3rd period - Ryan Suter is hit by Tyler Seguin and loses puck.
3:00 of 3rd period - Snap shot by Andrei Svechnikov.
3:00 of 3rd period - Deflect By Andrei Kuzmenko.
3:00 of 3rd period - Stopped by Joseph Woll with a rebound.
3:18 of 3rd period - Alexander Romanov is hit by Dylan Guenther and loses puck.
3:41 of 3rd period - Wrist shot by Will Smith.
3:41 of 3rd period - Deflect By Logan Cooley.
3:41 of 3rd period - Shot Blocked by Jordan Kyrou.
3:41 of 3rd period - Puck is out of play.
3:42 of 3rd period - Sidney Crosby wins face-off versus Evander Kane in Hartford Whalers zone.
3:42 of 3rd period - Sidney Crosby is hit by Logan Cooley.
4:02 of 3rd period - Snap shot by Pierre-Luc Dubois.
4:02 of 3rd period - Shot Misses the Net.
4:04 of 3rd period - Slapshot by Kaiden Guhle.
4:04 of 3rd period - Shot Blocked by Logan Cooley.
4:06 of 3rd period - Slapshot by Braden Schneider.
4:06 of 3rd period - Stopped by Spencer Knight with a rebound.
4:08 of 3rd period - Slapshot by Braden Schneider.
4:08 of 3rd period - Shot Misses the Net.
4:10 of 3rd period - Slapshot by Sidney Crosby.
4:10 of 3rd period - Shot Blocked by Evander Kane.
4:12 of 3rd period - Slapshot by Braden Schneider.
4:12 of 3rd period - Stopped by Spencer Knight without a rebound.
4:13 of 3rd period - Joshua Norris wins face-off versus Adam Fantilli in Los Angeles Kings zone.
4:19 of 3rd period - Minor Penalty to Andrei Svechnikov for Hooking.
4:20 of 3rd period - Logan Cooley wins face-off versus Tyler Seguin in Los Angeles Kings zone.
4:20 of 3rd period - Logan Cooley is hit by Tyson Foerster.
4:29 of 3rd period - Jansen Harkins is hit by Pierre-Luc Dubois and loses puck.
4:36 of 3rd period - Wrist shot by Pierre-Luc Dubois.
4:36 of 3rd period - Shot Misses the Net.
5:26 of 3rd period - Nick Suzuki is hit by Joseph Veleno and loses puck.
5:53 of 3rd period - Joseph Veleno is hit by Carter Verhaeghe and loses puck.
6:19 of 3rd period - Penalty to Andrei Svechnikov is over, Andrei Svechnikov is back on ice.
6:28 of 3rd period - Alexander Romanov is hit by Vladislav Gavrikov and loses puck.
6:33 of 3rd period - Wrist shot by Jonathan Drouin.
6:33 of 3rd period - Shot Misses the Net.
6:35 of 3rd period - Slapshot by Kaiden Guhle.
6:35 of 3rd period - Stopped by Spencer Knight without a rebound.
6:36 of 3rd period - Tyler Seguin wins face-off versus Will Smith in Los Angeles Kings zone.
7:02 of 3rd period - Joshua Norris is hit by Andrei Svechnikov and loses puck.
7:14 of 3rd period - Icing by Ryan Suter.
7:15 of 3rd period - Jansen Harkins wins face-off versus Sidney Crosby in Los Angeles Kings zone.
7:15 of 3rd period - Jansen Harkins is hit by Sidney Crosby.
7:21 of 3rd period - Slapshot by Jansen Harkins.
7:21 of 3rd period - Stopped by Joseph Woll without a rebound.
7:22 of 3rd period - Sidney Crosby wins face-off versus Jansen Harkins in Hartford Whalers zone.
7:22 of 3rd period - Sidney Crosby is hit by Jansen Harkins.
8:17 of 3rd period - Snap shot by Logan Cooley.
8:17 of 3rd period - Shot Blocked by Seth Jones.
8:33 of 3rd period - Slapshot by Vladislav Gavrikov.
8:33 of 3rd period - Stopped by Spencer Knight with a rebound.
8:35 of 3rd period - Snap shot by Jonathan Drouin.
8:35 of 3rd period - Stopped by Spencer Knight without a rebound.
8:36 of 3rd period - Joshua Norris wins face-off versus Adam Fantilli in Los Angeles Kings zone.
8:51 of 3rd period - Snap shot by Adam Fantilli.
8:51 of 3rd period - Shot Blocked by Braden Schneider.
9:01 of 3rd period - Alexander Romanov is hit by Braden Schneider.
9:05 of 3rd period - Snap shot by Jansen Harkins.
9:05 of 3rd period - Stopped by Joseph Woll without a rebound.
9:06 of 3rd period - Sidney Crosby wins face-off versus Vitali Kravtsov in Hartford Whalers zone.
9:28 of 3rd period - Snap shot by Pierre-Luc Dubois.
9:28 of 3rd period - Stopped by Spencer Knight with a rebound.
9:30 of 3rd period - Slapshot by Braden Schneider.
9:30 of 3rd period - Shot Misses the Net.
9:36 of 3rd period - Wrist shot by Pierre-Luc Dubois.
9:36 of 3rd period - Stopped by Spencer Knight without a rebound.
9:37 of 3rd period - Joshua Norris wins face-off versus Evander Kane in Los Angeles Kings zone.
10:03 of 3rd period - Snap shot by Nick Suzuki.
10:03 of 3rd period - Stopped by Spencer Knight with a rebound.
10:38 of 3rd period - Slapshot by Matthew Coronato.
10:38 of 3rd period - Stopped by Spencer Knight without a rebound.
10:39 of 3rd period - Jansen Harkins wins face-off versus Joshua Norris in Los Angeles Kings zone.
11:05 of 3rd period - Icing by Sidney Crosby.
11:06 of 3rd period - Evander Kane wins face-off versus Sidney Crosby in Hartford Whalers zone.
11:18 of 3rd period - Sidney Crosby beats up Alexander Romanov.
11:18 of 3rd period - Penalty to Sidney Crosby for Fighting.
11:18 of 3rd period - Penalty to Alexander Romanov for Fighting.
11:19 of 3rd period - Joshua Norris wins face-off versus Adam Fantilli in Hartford Whalers zone.
12:55 of 3rd period - Slapshot by Adam Fantilli.
12:55 of 3rd period - Deflect By Andrei Svechnikov.
12:55 of 3rd period - Stopped by Joseph Woll with a rebound.
12:57 of 3rd period - Wrist shot by Andrei Svechnikov.
12:57 of 3rd period - Shot Blocked by Simon Edvinsson.
13:18 of 3rd period - Icing by Simon Edvinsson.
13:19 of 3rd period - Tyler Seguin wins face-off versus Adam Fantilli in Hartford Whalers zone.
13:50 of 3rd period - Slapshot by Joshua Norris.
13:50 of 3rd period - Stopped by Spencer Knight with a rebound.
13:58 of 3rd period - Snap shot by Joshua Norris.
13:58 of 3rd period - Shot Misses the Net.
15:08 of 3rd period - Andrei Svechnikov is hit by Dylan Guenther and loses puck.
15:56 of 3rd period - Slapshot by Jackson Blake.
15:56 of 3rd period - Stopped by Joseph Woll without a rebound.
15:57 of 3rd period - Tyler Seguin wins face-off versus Joseph Veleno in Hartford Whalers zone.
16:04 of 3rd period - Minor Penalty to Joseph Veleno for Delaying the game.
16:05 of 3rd period - Tyler Seguin wins face-off versus Adam Fantilli in Los Angeles Kings zone.
16:08 of 3rd period - Wrist shot by Pierre-Luc Dubois.
16:08 of 3rd period - Shot Blocked by Ryan Suter.
16:10 of 3rd period - Snap shot by Tyson Foerster.
16:10 of 3rd period - Shot Blocked by Charlie McAvoy.
16:12 of 3rd period - Wrist shot by Seth Jones.
16:12 of 3rd period - Shot Blocked by Charlie McAvoy.
16:14 of 3rd period - Snap shot by Seth Jones.
16:14 of 3rd period - Stopped by Spencer Knight without a rebound.
16:15 of 3rd period - Tyler Seguin wins face-off versus Adam Fantilli in Los Angeles Kings zone.
16:18 of 3rd period - Penalty to Alexander Romanov is over, Alexander Romanov is back on ice.
16:20 of 3rd period - Wrist shot by Tyler Seguin.
16:20 of 3rd period - Stopped by Spencer Knight without a rebound.
16:21 of 3rd period - Adam Fantilli wins face-off versus Tyler Seguin in Los Angeles Kings zone.
16:32 of 3rd period - Snap shot by Pierre-Luc Dubois.
16:32 of 3rd period - Shot Misses the Net.
16:34 of 3rd period - Wrist shot by Tyson Foerster.
16:34 of 3rd period - Deflect By Pierre-Luc Dubois.
16:34 of 3rd period - Shot Misses the Net.
16:34 of 3rd period - Puck is out of play.
16:35 of 3rd period - Adam Fantilli wins face-off versus Sidney Crosby in Los Angeles Kings zone.
17:21 of 3rd period - Wrist shot by Adam Fantilli.
17:21 of 3rd period - Shot Blocked by Devon Toews.
17:39 of 3rd period - Jansen Harkins is hit by Pierre-Luc Dubois and loses puck.
18:04 of 3rd period - Penalty to Joseph Veleno is over, Joseph Veleno is back on ice.
18:10 of 3rd period - Wrist shot by Pierre-Luc Dubois.
18:10 of 3rd period - Stopped by Spencer Knight with a rebound.
18:14 of 3rd period - Wrist shot by Pierre-Luc Dubois.
18:14 of 3rd period - Goal by Pierre-Luc Dubois - Los Angeles Kings : 3 - Hartford Whalers : 4.
18:15 of 3rd period - Joshua Norris wins face-off versus Joseph Veleno in neutral zone.
18:28 of 3rd period - Snap shot by Joshua Norris.
18:28 of 3rd period - Stopped by Spencer Knight with a rebound.
18:51 of 3rd period - Slapshot by Dylan Guenther.
18:51 of 3rd period - Stopped by Spencer Knight without a rebound.
18:52 of 3rd period - Benoit Groulx call a timeout for Los Angeles Kings.
18:52 of 3rd period - Carter Verhaeghe wins face-off versus Evander Kane in Los Angeles Kings zone.
18:53 of 3rd period - Slapshot by Anthony Cirelli.
18:53 of 3rd period - Stopped by Spencer Knight with a rebound.
18:59 of 3rd period - Los Angeles Kings, Spencer Knight is pulled from the net.
19:03 of 3rd period - Snap shot by Logan Cooley.
19:03 of 3rd period - Shot Misses the Net.
19:05 of 3rd period - Snap shot by Logan Cooley.
19:05 of 3rd period - Shot Misses the Net.
19:18 of 3rd period - Off-side.
19:19 of 3rd period - Joshua Norris wins face-off versus Logan Cooley in neutral zone.
19:26 of 3rd period - Wrist shot by Joshua Norris.
19:26 of 3rd period - Goal by Joshua Norris - Los Angeles Kings : 3 - Hartford Whalers : 5.
19:26 of 3rd period - Spencer Knight from Los Angeles Kings was sent back in the game.
19:27 of 3rd period - Tyson Foerster wins face-off versus Vitali Kravtsov in neutral zone.
19:44 of 3rd period - K'Andre Miller is hit by Dylan Guenther.
Goals for this period are 0 for Los Angeles Kings vs 2 for Hartford Whalers.
Shots for this period are 5 for Los Angeles Kings vs 19 for Hartford Whalers.
Back to the Top